 Dungeon Crawl Stone Soup version 0.20-a0-1065-g8446734 (webtiles) character file.

298 galech the Skirmisher (level 6, -1/66 HPs)
             Began as an Ogre Berserker on Apr 28, 2017.
             Was a Believer of Trog.
             Succumbed to a worker ant's poison
             ... on level 3 of the Dungeon.
             The game lasted 00:06:02 (3626 turns).

galech the Skirmisher (Ogre Berserker)              Turns: 3626, Time: 00:06:03

Health: -1/66      AC:  4    Str: 28    XL:     6   Next: 35%
Magic:  6/6        EV: 11    Int:  8    God:    Trog [**....]
Gold:   183        SH:  0    Dex: 11    Spells: 5/5 levels left

rFire    . . .     SeeInvis .   p - +2 whip (pain)
rCold    . . .     Gourm    +   (no shield)
rNeg     . . .     Faith    .   b - +0 animal skin
rPois    .         Spirit   .   (helmet restricted)
rElec    .         Reflect  .   r - +0 cloak
rCorr    .         Harm     .   (gloves unavailable)
MR       .....                  (boots unavailable)
Stlth    +.........             w - amulet of the gourmand
Regen    0.3/turn               m - +3 ring of dexterity
MPRegen  0.1/turn               k - +4 ring of strength

@: lethally poisoned (-1 -> -25)
A: unfitting armour, tough skin 1
a: Berserk, Trog's Hand, Burn Spellbooks, Renounce Religion


You were on level 3 of the Dungeon.
You worshipped Trog.
Trog was pleased with you.
You were not hungry.

You visited 1 branch of the dungeon, and saw 4 of its levels.

You collected 183 gold pieces.

Inventory:

Hand Weapons
 a - a +0 mace
 p - a +2 whip of pain (weapon)
Armour
 b - a +0 animal skin (worn)
 r - a +0 cloak (worn)
Jewellery
 d - a +3 ring of evasion {unknown}
 k - a +4 ring of strength (right hand)
 m - a +3 ring of dexterity (left hand)
 w - an amulet of the gourmand (around neck)
Scrolls
 f - 3 scrolls of identify
Potions
 e - 2 potions of curing {unknown}
 g - a potion of might {unknown}
 i - a potion of resistance
 j - 2 potions of brilliance {unknown}
 n - a potion of ambrosia {unknown}
 o - a potion of lignification {unknown}
 q - 2 potions of mutation {unknown}
Comestibles
 c - 5 bread rations
 l - 7 fruits
 s - 2 meat rations
 u - a royal jelly


   Skills:
 + Level 5.4 Fighting
 + Level 5.1 Maces & Flails
 + Level 3.5 Dodging
 + Level 0.8 Stealth


You had 5 spell levels left.
You didn't know any spells.

Dungeon Overview and Level Annotations

Branches:
Dungeon (4/15)
 Temple: D:4-7

Altars:
Gozag
Hepliaklqana
Sif Muna
Trog
Wu Jian
The Shining One


Innate Abilities, Weirdness & Mutations

You are too large for most types of armour.
You have tough skin. (AC +1)


Message History

You feel sick.
You feel sick.
You feel sick.
Your skin stops crawling.
You feel less resistant to hostile enchantments.
* * * LOW HITPOINT WARNING * * *
You feel sick.
* * * LOW HITPOINT WARNING * * *
You feel sick.
There is a stone staircase leading up here.
* * * LOW HITPOINT WARNING * * *
You feel sick. The worker ant bites you.
* * * LOW HITPOINT WARNING * * *
You are more poisoned.
The worker ant poisons you! The worker ant bites you.
* * * LOW HITPOINT WARNING * * *
You are more poisoned.
The worker ant poisons you!
You climb upwards.
You die...

#....)....# #^......#.# ######
#.......#.######### #.....
#.#######.........# #..... ##.#
#..........# #..... #..#
#..........# #..... #.##
#.(........# #..... #.#
#.<..(.....##### #.....
##.#######.>....@.......# #.....
....##.........a....###.# #.....
.(..........#####.......#########
.............# #######...##.....
..(......)...### ##..........)^
..............(#####..##...####).
.....................#####.####.#
...............####### ##.(#...#
...............# #.....##.


You could see a worker ant.

Vanquished Creatures
  A scorpion (D:4)
  A howler monkey (D:4)
  An iguana (D:4)
  2 worker ants (D:4)
  4 adders
  An ooze (D:3)
  An adder skeleton (D:4)
  2 worms
  3 dart slugs
  A leopard gecko (D:1)
  2 orcs
  6 bats
  4 giant cockroaches
  11 goblins
  9 hobgoblins
  8 jackals
  6 kobolds
  A ball python (D:2)
  5 frilled lizards
  12 rats
81 creatures vanquished.

Notes
Turn   | Place    | Note
-------+----------+-------------------------------------------
     0 | D:1      | galech the Ogre Berserker began the quest for the Orb.
     0 | D:1      | Reached XP level 1. HP: 24/24 MP: 1/1
    86 | D:1      | Reached XP level 2. HP: 32/32 MP: 2/2
   373 | D:1      | Reached ** piety under Trog
   373 | D:1      | Reached XP level 3. HP: 33/40 MP: 3/3
  1186 | D:2      | Found a hazy altar of Hepliaklqana.
  1311 | D:2      | Reached XP level 4. HP: 44/49 MP: 4/4
  2315 | D:3      | Found a bloodstained altar of Trog.
  2436 | D:3      | Reached *** piety under Trog
  2714 | D:4      | Reached XP level 5. HP: 54/55 MP: 5/5
  2999 | D:4      | Found a deep blue altar of Sif Muna.
  3038 | D:4      | Found a glowing golden altar of the Shining One.
  3115 | D:4      | Reached skill level 5 in Fighting
  3128 | D:4      | Reached XP level 6. HP: 23/66 MP: 6/6
  3319 | D:4      | Reached skill level 5 in Maces & Flails
  3358 | D:4      | Found an ornate altar of the Wu Jian Council.
  3358 | D:4      | Found an opulent altar of Gozag.
  3625 | D:4      | HP: 2/66 [worker ant (2)]
  3626 | D:3      | Succumbed to a worker ant's poison

Vault maps used:
D:1:      onia_arrival_larder
D:2:      overflow_temple_1_default, first_bread
D:3:      bloody_trog, minmay_fountain_box, minmay_crystal_room
D:4:      lemuel_coloured_pillars_altar,
          chequers_temple_overflow_statue_of_worship,
          gammafunk_temple_overflow_elements

Skill      XL: |  1  2  3  4  5  6 |
---------------+-------------------+-----
Dodging        | 3 |  3.5
Maces & Flails | 3 4 5 |  5.1
Fighting       | 5 |  5.4
Stealth        | |  0.8

Action                   |  1- 3 |  4- 6 || total
-------------------------+-------+-------++-------
Melee: Mace              |   111 |    41 ||   152
       Whip              |       |   138 ||   138
Invok: Trog's Hand       |       |     3 ||     3
  Use: Scroll            |     1 |     3 ||     4
 Stab: Sleeping          |     1 |       ||     1
  Eat: Chunk             |     1 |    13 ||    14
Armor: Animal skin       |    39 |    43 ||    82
Dodge: Dodged            |    75 |    90 ||   165
